[ AOE2 MATCH · #478729574 ]
UnrankedJurchens vs Poles
[ REPLAY ANALYSIS · EXTRACTED FROM THE RECORDED GAME ]
Feudal
11:18
Castle
—
Imperial
—
| APM avg | 36.9 |
| APM peak | 82 |
| eAPM avg | 15.4 |
| Villagers / military | 26 / 0 |
Focus
⚔️ 25.7% · 🌾 74.3%
Feudal
11:13
Castle
—
Imperial
—
| APM avg | 57.7 |
| APM peak | 83 |
| eAPM avg | 20.6 |
| Villagers / military | 26 / 0 |
Focus
⚔️ 10.6% · 🌾 89.4%
Feudal
—
Castle
—
Imperial
—
| APM avg | 35.8 |
| APM peak | 73 |
| eAPM avg | 21.5 |
| Villagers / military | 42 / 0 |
Focus
⚔️ 23.4% · 🌾 76.6%
Feudal
12:01
Castle
—
Imperial
—
| APM avg | 43.8 |
| APM peak | 63 |
| eAPM avg | 17.3 |
| Villagers / military | 39 / 0 |
Focus
⚔️ 46.2% · 🌾 53.8%
Feudal
9:24
Castle
—
Imperial
—
| APM avg | 43.0 |
| APM peak | 71 |
| eAPM avg | 20.6 |
| Villagers / military | 25 / 3 |
Focus
⚔️ 30.1% · 🌾 69.9%
Militia ×3
Feudal
11:25
Castle
—
Imperial
—
| APM avg | 35.5 |
| APM peak | 74 |
| eAPM avg | 22.1 |
| Villagers / military | 24 / 0 |
Focus
⚔️ 46.1% · 🌾 53.9%
Feudal
12:05
Castle
—
Imperial
—
| APM avg | 34.0 |
| APM peak | 49 |
| eAPM avg | 14.3 |
| Villagers / military | 27 / 0 |
Focus
⚔️ 8.8% · 🌾 91.2%
Feudal
10:56
Castle
—
Imperial
—
| APM avg | 32.9 |
| APM peak | 60 |
| eAPM avg | 11.2 |
| Villagers / military | 33 / 0 |
Focus
⚔️ 13.4% · 🌾 86.6%
Match map
Initial resources + every placement click. Lines = walls · curves = elevation contours. ◆ gold · ⬟ stone · ● berries · ✦ relic · ◌ wall gap
Your base· Open — opponent sealed themselves in
Señor Obsto, Bsc's base· Open — opponent sealed themselves in
MFL91's base· ✓ Closed at 12:00 · 13t walls · no gate
Chomsky's base· ✓ Closed at 12:00 · 30t walls · no gate
Iron Champion's base· Open — opponent sealed themselves in
3N1GMa_'s base· ✓ Closed at 12:00 · 41t walls · no gate
FromTheDarkness's base· Open — opponent sealed themselves in
guilleol1005's base· ✓ Closed at 12:24 · 13t walls · no gate
Smoothed initial terrain · ◌ = detected wall gap · hover for details
Inputs per minute
— 'lu - - Señor Obsto, Bsc
Build order — 'lu
42 actions detected in the replay
| 0:00 | Create | Villager (Male) |
| 0:01 | Create | Villager (Male) |
| 0:01 | Create | Villager (Male) |
| 0:02 | Build | House |
| 0:03 | Build | House |
| 0:09 | Create | Villager (Male) |
| 0:11 | Research | Loom |
| 0:12 | Create | Villager (Male) |
| 0:12 | Create | Villager (Male) |
| 0:16 | Create | Villager (Male) |
| 0:59 | Build | Palisade Wall |
| 1:52 | Build | Lumber Camp |
| 1:54 | Create | Villager (Male) |
| 2:20 | Create | Villager (Male) |
| 2:51 | Create | Villager (Male) |
| 3:26 | Create | Villager (Male) |
| 3:44 | Create | Villager (Male) |
| 4:08 | Create | Villager (Male) |
| 4:15 | Build | House |
| 4:26 | Create | Villager (Male) |
| 4:46 | Create | Villager (Male) |
| 5:31 | Create | Villager (Male) |
| 5:32 | Create | Villager (Male) |
| 5:46 | Build | Mill |
| 6:04 | Build | House |
| 6:13 | Create | Villager (Male) |
| 6:14 | Create | Villager (Male) |
| 6:28 | Create | Villager (Male) |
| 6:32 | Create | Villager (Male) |
| 7:24 | Build | Mining Camp |
| 7:43 | Create | Villager (Male) |
| 7:52 | Create | Villager (Male) |
| 9:08 | Research | Feudal Age |
| 10:53 | Create | Villager (Male) |
| 10:54 | Create | Villager (Male) |
| 11:18 | Age | Feudal Age |
| 11:20 | Build | Market |
| 11:23 | Build | Blacksmith |
| 11:54 | Build | Stone Wall |
| 12:08 | Create | Villager (Male) |
| 12:09 | Research | Castle Age |
| 12:17 | Build | Mining Camp |
Build order — Señor Obsto, Bsc
40 actions detected in the replay
| 0:01 | Create | Villager (Male) |
| 0:01 | Create | Villager (Male) |
| 0:02 | Build | House |
| 0:03 | Build | House |
| 0:27 | Create | Villager (Male) |
| 0:27 | Create | Villager (Male) |
| 0:27 | Create | Villager (Male) |
| 1:21 | Create | Villager (Male) |
| 1:52 | Build | Lumber Camp |
| 2:05 | Create | Villager (Male) |
| 2:29 | Create | Villager (Male) |
| 2:29 | Create | Villager (Male) |
| 3:09 | Create | Villager (Male) |
| 3:09 | Create | Villager (Male) |
| 3:27 | Build | House |
| 3:28 | Build | House |
| 3:43 | Create | Villager (Male) |
| 3:57 | Create | Villager (Male) |
| 3:57 | Create | Villager (Male) |
| 4:20 | Build | Mill |
| 4:52 | Create | Villager (Male) |
| 5:29 | Create | Villager (Male) |
| 5:29 | Create | Villager (Male) |
| 5:29 | Create | Villager (Male) |
| 6:04 | Create | Villager (Male) |
| 6:04 | Create | Villager (Male) |
| 6:32 | Create | Villager (Male) |
| 7:06 | Create | Villager (Male) |
| 7:14 | Build | Mining Camp |
| 7:39 | Create | Villager (Male) |
| 8:13 | Create | Villager (Male) |
| 8:22 | Research | Loom |
| 8:58 | Research | Feudal Age |
| 9:14 | Create | Villager (Male) |
| 9:14 | Create | Villager (Male) |
| 11:13 | Age | Feudal Age |
| 11:16 | Build | Market |
| 11:18 | Build | Blacksmith |
| 12:06 | Research | Castle Age |
| 12:15 | Research | Double-Bit Axe |
Build order — MFL91
59 actions detected in the replay
| 0:02 | Create | Villager (Male) |
| 0:04 | Build | House |
| 0:05 | Build | House |
| 0:16 | Research | Loom |
| 0:34 | Create | Villager (Male) |
| 0:34 | Create | Villager (Male) |
| 0:34 | Create | Villager (Male) |
| 0:34 | Create | Villager (Male) |
| 1:44 | Build | Palisade Wall |
| 1:48 | Create | Villager (Male) |
| 1:49 | Create | Villager (Male) |
| 2:33 | Create | Villager (Male) |
| 2:33 | Create | Villager (Male) |
| 2:51 | Build | Lumber Camp |
| 2:57 | Create | Villager (Male) |
| 2:58 | Create | Villager (Male) |
| 3:47 | Create | Villager (Male) |
| 3:47 | Create | Villager (Male) |
| 4:22 | Create | Villager (Male) |
| 4:23 | Create | Villager (Male) |
| 5:12 | Create | Villager (Male) |
| 5:12 | Create | Villager (Male) |
| 5:12 | Create | Villager (Male) |
| 5:23 | Create | Villager (Male) |
| 5:23 | Create | Villager (Male) |
| 5:28 | Build | House |
| 6:05 | Build | House |
| 6:15 | Create | Villager (Male) |
| 6:15 | Create | Villager (Male) |
| 6:23 | Create | Villager (Male) |
| 6:23 | Create | Villager (Male) |
| 6:46 | Create | Villager (Male) |
| 6:46 | Create | Villager (Male) |
| 6:47 | Create | Villager (Male) |
| 7:10 | Build | House |
| 7:12 | Create | Villager (Male) |
| 7:12 | Create | Villager (Male) |
| 8:00 | Build | Palisade Wall |
| 8:04 | Create | Villager (Male) |
| 8:04 | Create | Villager (Male) |
| 8:04 | Create | Villager (Male) |
| 8:05 | Create | Villager (Male) |
| 8:07 | Build | House |
| 8:13 | Create | Villager (Male) |
| 8:13 | Create | Villager (Male) |
| 8:14 | Create | Villager (Male) |
| 8:19 | Build | House |
| 8:21 | Create | Villager (Male) |
| 8:21 | Create | Villager (Male) |
| 8:21 | Create | Villager (Male) |
| 8:37 | Build | Mill |
| 8:54 | Create | Villager (Male) |
| 9:15 | Build | Mining Camp |
| 9:32 | Create | Villager (Male) |
| 9:41 | Create | Villager (Male) |
| 10:14 | Build | Palisade Wall |
| 10:21 | Build | Palisade Wall |
| 10:33 | Research | Feudal Age |
| 10:40 | Build | Lumber Camp |
Build order — Chomsky
58 actions detected in the replay
| 0:01 | Create | Villager (Male) ×4 |
| 0:02 | Build | House |
| 0:03 | Build | House |
| 0:30 | Research | Loom |
| 0:31 | Create | Villager (Male) |
| 0:31 | Create | Villager (Male) |
| 1:24 | Create | Villager (Male) |
| 1:24 | Create | Villager (Male) |
| 1:24 | Create | Villager (Male) |
| 1:50 | Create | Villager (Male) |
| 1:51 | Create | Villager (Male) |
| 2:12 | Create | Villager (Male) |
| 2:13 | Create | Villager (Male) |
| 2:40 | Build | House |
| 2:48 | Create | Villager (Male) |
| 2:49 | Create | Villager (Male) |
| 3:15 | Create | Villager (Male) |
| 3:16 | Create | Villager (Male) |
| 3:43 | Create | Villager (Male) |
| 3:44 | Create | Villager (Male) |
| 3:54 | Create | Villager (Male) |
| 3:54 | Create | Villager (Male) |
| 4:01 | Research | Loom |
| 4:12 | Create | Villager (Male) |
| 4:12 | Create | Villager (Male) |
| 4:19 | Build | House |
| 4:32 | Create | Villager (Male) |
| 4:32 | Create | Villager (Male) |
| 4:48 | Create | Villager (Male) |
| 4:48 | Create | Villager (Male) |
| 4:59 | Build | Palisade Wall |
| 5:35 | Build | Mill |
| 6:09 | Create | Villager (Male) |
| 6:10 | Create | Villager (Male) |
| 6:10 | Create | Villager (Male) |
| 6:40 | Create | Villager (Male) |
| 7:02 | Build | Palisade Wall |
| 8:10 | Create | Villager (Male) |
| 8:15 | Create | Villager (Male) |
| 8:30 | Build | Palisade Wall |
| 8:38 | Build | Palisade Wall |
| 8:43 | Build | Palisade Wall |
| 8:44 | Build | Palisade Wall |
| 8:45 | Build | Palisade Wall |
| 8:46 | Build | Palisade Wall |
| 9:01 | Create | Villager (Male) |
| 9:13 | Build | Lumber Camp |
| 9:16 | Create | Villager (Male) |
| 9:24 | Build | Palisade Wall |
| 9:28 | Build | Palisade Wall |
| 9:37 | Create | Villager (Male) |
| 9:47 | Research | Feudal Age |
| 9:49 | Build | Mining Camp |
| 10:53 | Create | Villager (Male) |
| 11:08 | Build | Palisade Wall |
| 12:01 | Age | Feudal Age |
| 12:04 | Create | Villager (Male) |
| 12:15 | Create | Villager (Male) |
Build order — Iron Champion
56 actions detected in the replay
| 0:01 | Create | Villager (Male) |
| 0:02 | Create | Villager (Male) |
| 0:02 | Build | House |
| 0:04 | Build | House |
| 0:05 | Create | Villager (Male) |
| 0:25 | Create | Villager (Male) |
| 1:25 | Create | Villager (Male) |
| 1:26 | Research | Loom |
| 1:28 | Create | Villager (Male) |
| 1:52 | Create | Villager (Male) |
| 2:16 | Create | Villager (Male) |
| 2:16 | Create | Villager (Male) |
| 2:42 | Create | Villager (Male) |
| 3:36 | Create | Villager (Male) |
| 3:37 | Create | Villager (Male) |
| 3:40 | Build | House |
| 3:54 | Create | Villager (Male) |
| 4:41 | Build | Lumber Camp |
| 4:59 | Create | Villager (Male) |
| 5:19 | Create | Villager (Male) |
| 5:55 | Create | Villager (Male) |
| 6:13 | Create | Villager (Male) |
| 6:26 | Build | Barracks |
| 6:49 | Create | Villager (Male) |
| 7:13 | Research | Feudal Age |
| 7:15 | Create | Militia |
| 7:18 | Build | House |
| 7:35 | Create | Militia |
| 7:55 | Build | Mining Camp |
| 8:30 | Create | Militia |
| 8:33 | Build | House |
| 8:47 | Create | Villager (Male) |
| 8:50 | Build | House |
| 9:24 | Age | Feudal Age |
| 9:43 | Research | Man-at-Arms (upgrade) |
| 9:53 | Build | Mill |
| 10:56 | Create | Villager (Male) |
| 10:57 | Create | Villager (Male) |
| 10:59 | Build | Farm |
| 10:59 | Build | Farm |
| 10:59 | Build | Farm |
| 11:10 | Build | Watch Tower |
| 11:19 | Build | Palisade Wall |
| 11:24 | Build | Palisade Wall |
| 11:29 | Build | Palisade Wall |
| 11:32 | Build | Palisade Wall |
| 11:33 | Build | Palisade Wall |
| 11:35 | Create | Villager (Male) |
| 11:37 | Build | Palisade Wall |
| 11:45 | Build | Farm |
| 11:49 | Create | Villager (Male) |
| 12:24 | Create | Villager (Male) |
| 12:28 | Build | Farm |
| 12:30 | Build | Farm |
| 12:32 | Build | Farm |
| 12:46 | Create | Villager (Male) |
Build order — 3N1GMa_
40 actions detected in the replay
| 0:01 | Create | Villager (Male) ×4 |
| 0:02 | Build | House |
| 0:05 | Build | House |
| 0:26 | Research | Loom |
| 0:26 | Create | Villager (Male) |
| 0:27 | Create | Villager (Male) |
| 0:30 | Create | Villager (Male) |
| 0:48 | Build | Palisade Wall |
| 1:43 | Build | Palisade Wall |
| 1:46 | Build | Palisade Wall |
| 1:50 | Create | Villager (Male) |
| 2:21 | Create | Villager (Male) |
| 3:01 | Build | Palisade Wall |
| 3:08 | Create | Villager (Male) |
| 3:42 | Create | Villager (Male) |
| 4:11 | Create | Villager (Male) |
| 4:12 | Create | Villager (Male) |
| 4:42 | Build | Palisade Wall |
| 4:44 | Create | Villager (Male) |
| 5:20 | Create | Villager (Male) |
| 5:21 | Create | Villager (Male) |
| 5:30 | Build | House |
| 5:41 | Build | House |
| 5:52 | Create | Villager (Male) |
| 6:31 | Create | Villager (Male) |
| 6:44 | Build | Lumber Camp |
| 7:02 | Create | Villager (Male) ×2 |
| 8:13 | Build | House |
| 8:16 | Create | Villager (Male) |
| 8:28 | Build | Mill |
| 8:39 | Create | Villager (Male) |
| 9:15 | Research | Feudal Age |
| 9:54 | Build | Palisade Wall |
| 10:25 | Build | Palisade Wall |
| 11:04 | Create | Villager (Male) |
| 11:04 | Create | Villager (Male) |
| 11:15 | Build | Barracks |
| 11:25 | Age | Feudal Age |
| 11:47 | Research | Town Watch |
| 12:05 | Build | House |
Build order — FromTheDarkness
42 actions detected in the replay
| 0:01 | Create | Villager (Male) |
| 0:01 | Create | Villager (Male) |
| 0:03 | Build | House |
| 0:04 | Build | House |
| 0:07 | Create | Villager (Male) |
| 0:07 | Create | Villager (Male) |
| 1:25 | Create | Villager (Male) |
| 1:56 | Build | Lumber Camp |
| 2:02 | Create | Villager (Male) |
| 2:22 | Create | Villager (Male) |
| 2:34 | Create | Villager (Male) |
| 3:00 | Create | Villager (Male) |
| 3:30 | Research | Loom |
| 3:35 | Create | Villager (Male) |
| 4:02 | Create | Villager (Male) |
| 4:08 | Build | House |
| 4:43 | Build | House |
| 4:59 | Create | Villager (Male) |
| 5:01 | Create | Villager (Male) |
| 5:05 | Build | Mill |
| 6:06 | Create | Villager (Male) |
| 6:06 | Create | Villager (Male) |
| 6:07 | Create | Villager (Male) |
| 6:36 | Create | Villager (Male) |
| 6:56 | Create | Villager (Male) |
| 7:17 | Create | Villager (Male) |
| 7:26 | Build | House |
| 8:17 | Create | Villager (Male) |
| 8:38 | Create | Villager (Male) |
| 9:05 | Build | Mining Camp |
| 9:06 | Create | Villager (Male) |
| 9:42 | Create | Villager (Male) |
| 9:55 | Research | Feudal Age |
| 10:53 | Create | Villager (Male) |
| 11:04 | Build | Farm |
| 11:37 | Build | Palisade Wall |
| 11:49 | Build | Palisade Wall |
| 12:03 | Create | Villager (Male) |
| 12:05 | Age | Feudal Age |
| 12:21 | Build | Mill |
| 12:24 | Create | Villager (Male) |
| 12:34 | Create | Villager (Male) |
Build order — guilleol1005
45 actions detected in the replay
| 0:01 | Create | Villager (Male) |
| 0:01 | Create | Villager (Male) |
| 0:01 | Create | Villager (Male) |
| 0:03 | Build | House |
| 0:06 | Create | Villager (Male) |
| 0:06 | Create | Villager (Male) |
| 1:22 | Create | Villager (Male) |
| 1:22 | Create | Villager (Male) |
| 1:52 | Build | Settlement |
| 2:00 | Create | Villager (Male) |
| 2:00 | Create | Villager (Male) |
| 2:22 | Create | Villager (Male) |
| 2:46 | Create | Villager (Male) |
| 2:47 | Create | Villager (Male) |
| 2:56 | Create | Villager (Male) |
| 2:57 | Create | Villager (Male) |
| 3:33 | Create | Villager (Male) |
| 3:34 | Create | Villager (Male) |
| 3:46 | Create | Villager (Male) |
| 3:47 | Create | Villager (Male) |
| 4:32 | Create | Villager (Male) |
| 4:32 | Create | Villager (Male) |
| 4:33 | Create | Villager (Male) |
| 4:48 | Create | Villager (Male) |
| 4:48 | Create | Villager (Male) |
| 5:14 | Build | Settlement |
| 5:35 | Create | Villager (Male) |
| 5:35 | Create | Villager (Male) |
| 5:35 | Create | Villager (Male) |
| 5:36 | Create | Villager (Male) |
| 6:50 | Create | Villager (Male) |
| 7:09 | Create | Villager (Male) |
| 7:23 | Create | Villager (Male) |
| 7:50 | Create | Villager (Male) |
| 8:38 | Research | Feudal Age |
| 9:22 | Create | Villager (Male) |
| 9:22 | Create | Villager (Male) |
| 10:33 | Build | Palisade Wall |
| 10:56 | Age | Feudal Age |
| 11:00 | Build | Market |
| 11:03 | Build | Blacksmith |
| 12:15 | Build | Farm |
| 12:18 | Build | Farm |
| 12:24 | Research | Castle Age |
| 12:24 | Research | Castle Age |
Match timeline
| 0:48 | 3N1GMa_ · wall_segment Palisade Wall x9 |
| 0:59 | 'lu · wall_segment Palisade Wall x10 |
| 1:43 | 3N1GMa_ · wall_segment Palisade Wall x6 |
| 1:44 | MFL91 · wall_segment Palisade Wall x10 |
| 1:46 | 3N1GMa_ · wall_segment Palisade Wall x5 |
| 3:01 | 3N1GMa_ · wall_segment Palisade Wall x11 |
| 4:42 | 3N1GMa_ · wall_segment Palisade Wall x12 |
| 4:59 | Chomsky · wall_segment Palisade Wall x6 |
| 6:26 | Iron Champion · first_building Barracks |
| 7:02 | Chomsky · wall_segment Palisade Wall x7 |
| 8:00 | MFL91 · wall_segment Palisade Wall x1 |
| 8:30 | Chomsky · wall_segment Palisade Wall x1 |
| 8:38 | Chomsky · wall_segment Palisade Wall x2 |
| 8:43 | Chomsky · wall_segment Palisade Wall x1 |
| 8:44 | Chomsky · wall_segment Palisade Wall x1 |
| 8:45 | Chomsky · wall_segment Palisade Wall x1 |
| 8:46 | Chomsky · wall_segment Palisade Wall x1 |
| 9:24 | Chomsky · wall_segment Palisade Wall x1 |
| 9:24 | Iron Champion · age_up feudal |
| 9:28 | Chomsky · wall_segment Palisade Wall x1 |
| 9:54 | 3N1GMa_ · wall_segment Palisade Wall x1 |
| 10:14 | MFL91 · wall_segment Palisade Wall x1 |
| 10:21 | MFL91 · wall_segment Palisade Wall x1 |
| 10:25 | 3N1GMa_ · wall_segment Palisade Wall x1 |
| 10:33 | guilleol1005 · wall_segment Palisade Wall x13 |
| 10:56 | guilleol1005 · age_up feudal |
| 11:08 | Chomsky · wall_segment Palisade Wall x8 |
| 11:13 | Señor Obsto, Bsc · age_up feudal |
| 11:15 | 3N1GMa_ · first_building Barracks |
| 11:18 | 'lu · age_up feudal |
| 11:19 | Iron Champion · wall_segment Palisade Wall x1 |
| 11:24 | Iron Champion · wall_segment Palisade Wall x1 |
| 11:25 | 3N1GMa_ · age_up feudal |
| 11:29 | Iron Champion · wall_segment Palisade Wall x1 |
| 11:32 | Iron Champion · wall_segment Palisade Wall x1 |
| 11:33 | Iron Champion · wall_segment Palisade Wall x1 |
| 11:37 | Iron Champion · wall_segment Palisade Wall x1 |
| 11:37 | FromTheDarkness · wall_segment Palisade Wall x3 |
| 11:49 | FromTheDarkness · wall_segment Palisade Wall x14 |
| 11:54 | 'lu · wall_segment Stone Wall x10 |
| 12:01 | MFL91 · resign |
| 12:01 | Chomsky · age_up feudal |
| 12:05 | FromTheDarkness · age_up feudal |
[ AI ANALYSIS · 1 CREDIT ]
What really happened in this match?
Wolo.gg analyzes every decision: build order, eco, micro, common mistakes by bracket. Personalized analysis on WhatsApp or Discord in 30 seconds.
Civ guide
Jurchens
Map guide
Black Forest
Perfil
'lu